 Dungeon Crawl Stone Soup version 0.21.1-1-g345015fe64 (webtiles) character file.

53 Oravi the Insei (level 3, -4/26 HPs)
             Began as a Merfolk Transmuter on Apr 16, 2018.
             Slain by a hobgoblin
             ... wielding a +0 trident
              (5 damage)
             ... on level 2 of the Dungeon.
             The game lasted 00:05:16 (1541 turns).

Oravi the Insei (Merfolk Transmuter)                Turns: 1541, Time: 00:05:16

Health: -4/26      AC:  2    Str: 10    XL:     3   Next: 89%
Magic:  6/6        EV: 13    Int: 21    God:
Gold:   77         SH:  0    Dex: 14    Spells: 0/6 levels left

rFire    . . .     SeeInvis .     - Unarmed
rCold    . . .     Gourm    .   (no shield)
rNeg     . . .     Faith    .   b - +0 robe
rPois    .         Spirit   .   (no helmet)
rElec    .         Reflect  .   (no cloak)
rCorr    .         Harm     .   (no gloves)
MR       .....                  (no boots)
Stlth    +.........             (no amulet)
HPRegen  0.08/turn              m - +3 ring of intelligence
MPRegen  0.10/turn              (no ring)

@: brilliant
A: change form in water, swift swim, stealthy swim
a: no special abilities


You were on level 2 of the Dungeon.
You were hungry.

You visited 1 branch of the dungeon, and saw 2 of its levels.

You collected 77 gold pieces.

Inventory:

Missiles
 a - 66 arrows
Armour
 b - a +0 robe (worn)
Jewellery
 h - an uncursed ring of ice
 m - a +3 ring of intelligence (left hand)
Scrolls
 f - a scroll of amnesia
 k - 2 scrolls of remove curse
Potions
 g - a potion of haste
 j - a potion of flight
 l - a potion of lignification
Books
 c - a book of Changes

   Spells                             Type                      Level
   a - Beastly Appendage              Transmutation                1
   b - Sticks to Snakes               Transmutation                2
   c - Spider Form                    Transmutation/Poison         3
   d - Ice Form                       Ice/Transmutation            4
   e - Blade Hands                    Transmutation                5
Comestibles
 d - 3 rations
 i - 6 chunks of flesh


   Skills:
 + Level 1.2 Fighting
 + Level 3.2 Dodging
 + Level 4.3 Unarmed Combat
 - Level 2.0 Spellcasting
 * Level 3.8 Transmutations


You couldn't memorise any spells.
You knew the following spells:

 Your Spells              Type           Power        Failure   Level  Hunger
a - Beastly Appendage     Tmut           ####..       1%          1    #......
b - Sticks to Snakes      Tmut           ####....     1%          2    ##.....
c - Spider Form           Tmut/Pois      ###.......   2%          3    ###....


Dungeon Overview and Level Annotations

Branches:
Dungeon (2/15)

Altars:
Hepliaklqana
Makhleb
Vehumet
Xom

Annotations:
D:2 Sigmund


Message History

The hobgoblin hits you but does no damage.
The hobgoblin hits you but does no damage.
The hobgoblin hits you from afar with a trident.
* * * LOW HITPOINT WARNING * * *
The hobgoblin hits you but does no damage.
The hobgoblin hits you from afar with a trident.
* * * LOW HITPOINT WARNING * * *
The hobgoblin completely misses you.
Your transformation is almost over.
The hobgoblin hits you but does no damage.
The hobgoblin hits you but does no damage.
The hobgoblin hits you but does no damage.
The hobgoblin hits you but does no damage.
The hobgoblin hits you but does no damage.
The hobgoblin hits you but does no damage.
The hobgoblin hits you but does no damage.
You feel less wooden.
Your +0 robe unmelds from your body.
The hobgoblin hits you from afar with a trident.
You die...

### ##.##
######...###
....>...)..####..
#...g...)ggggr.
##.##)##.###...
#.##@# .#
#.##.##.#
#.).....#
###...###
##.....##
##.......##
####..รท......#
....'.........+
.####.........#


You could see a hobgoblin.

Vanquished Creatures
  Robin (D:2)
  An ooze (D:2)
  A dart slug (D:2)
  2 bats (D:1)
  A giant cockroach (D:1)
  5 hobgoblins
  2 quokkas (D:2)
  A ball python (D:1)
  A frilled lizard (D:1)
  11 goblins
  3 kobolds (D:1)
  5 rats
34 creatures vanquished.

Vanquished Creatures (others)
  A hobgoblin (D:2)
1 creature vanquished.

Grand Total: 35 creatures vanquished

Notes
Turn   | Place    | Note
-------+----------+-------------------------------------------
     0 | D:1      | Oravi the Merfolk Transmuter began the quest for the Orb.
     0 | D:1      | Reached XP level 1. HP: 15/15 MP: 3/3
   393 | D:1      | Reached XP level 2. HP: 20/21 MP: 3/5
   656 | D:1      | Found a hide-covered altar of Uskayaw.
   658 | D:1      | Found a shimmering altar of Xom.
   658 | D:1      | Found a shimmering altar of Xom.
   660 | D:1      | Found a radiant altar of Vehumet.
   660 | D:1      | Found a hazy altar of Hepliaklqana.
   660 | D:1      | Found a burning altar of Makhleb.
   897 | D:2      | Noticed Sigmund
  1235 | D:2      | Reached skill level 4 in Unarmed Combat
  1256 | D:2      | Reached XP level 3. HP: 25/26 MP: 4/6
  1260 | D:2      | Learned a level 2 spell: Sticks to Snakes
  1267 | D:2      | Learned a level 3 spell: Spider Form
  1470 | D:2      | Noticed Robin
  1484 | D:2      | Killed Robin
  1512 | D:2      | HP: 1/39 [hobgoblin/trident (4)]
  1518 | D:2      | HP: 1/39 [hobgoblin/trident (1)]
  1531 | D:2      | HP: 1/39 [hobgoblin/trident (1)]
  1541 | D:2      | Slain by a hobgoblin

Skill      XL: |  1  2  3 |
---------------+----------+-----
Transmutations | 3 |  3.8
Unarmed Combat | 4 |  4.3
Dodging        | 3 |  3.2
Fighting       | |  1.2
Spellcasting   | |  2.0

Action                   || total
-------------------------++-------
Melee: Unarmed           ||    97
       Headbutt          ||     8
       Punch             ||     1
 Cast: Beastly Appendage ||    17
       Spider Form       ||     3
  Use: Scroll            ||     6
       Potion            ||     2
 Stab: Sleeping          ||     2
  Eat: Chunk             ||     2
Armor: Robe              ||    10
       Skin              ||    38
Dodge: Dodged            ||    61
